 Dungeon Crawl Stone Soup version 0.29.1-12-g30fa7ad0bf (webtiles) character file.

Game seed: 353435784062286740

13876 cheesebisquit the Severer (level 11, -1/145 HPs)
             Began as a Minotaur Berserker on Dec 13, 2022.
             Was a Believer of Trog.
             Slain by Snorg (8 damage)
             ... on level 11 of the Dungeon on Dec 14, 2022.
             The game lasted 01:08:26 (12661 turns).

cheesebisquit the Severer (Minotaur Berserker)     Turns: 12661, Time: 01:08:26

Health: -1/145     AC: 13    Str: 25    XL:     11   Next: 81%
Magic:  0/10       EV:  6    Int:  4    God:    Trog [**....]
Gold:   797        SH: 10    Dex: 11    Spells: 10/10 levels left

rFire   . . .      SeeInvis .   a - +0 war axe
rCold   . . .      Faith    .   V - +0 kite shield
rNeg    . . .      Spirit   +   A - +0 plate armour
rPois   .          Reflect  .   (helmet restricted)
rElec   .          Harm     .   q - +0 cloak
rCorr   .          Rampage  .   Y - +1 pair of gloves
Will    .....                   (no boots)
Stlth   ..........              c - amulet of guardian spirit
HPRegen 0.34/turn               (no ring)
MPRegen 0.12/turn               (no ring)

@: berserking (expiring), corroded, very quick
A: horns 2, retaliatory headbutt
a: Renounce Religion, Berserk, Trog's Hand


You were on level 11 of the Dungeon.
You worshipped Trog.
Trog was pleased with you.
You visited 1 branch of the dungeon, and saw 11 of its levels.
You also visited: Bailey.

You collected 797 gold pieces.

Inventory:

Hand Weapons
 a - a +0 war axe (weapon)
 b - a +0 sling
 F - a +2 hand axe of freezing
 P - a +3 dire flail
Missiles
 e - 108 stones
 n - 4 atropa-tipped darts
 v - 30 poisoned darts (quivered)
 B - 5 throwing nets
 D - 6 curare-tipped darts
Armour
 g - a +0 leather armour
 p - a +0 chain mail
 q - a +0 cloak (worn)
 y - a +0 ring mail
 A - a +0 plate armour (worn)
 V - a +0 kite shield (worn)
 X - a +0 animal skin
 Y - a +1 pair of gloves (worn)
Jewellery
 c - an amulet of guardian spirit (around neck)
 M - a ring of fire
Wands
 K - a wand of iceblast (14)
 L - a wand of flame (29)
 T - a wand of paralysis (1)
Scrolls
 d - a scroll of blinking {unknown}
 f - 2 scrolls of immolation {unknown}
 i - a scroll of amnesia {unknown}
 m - a scroll of torment {unknown}
 r - 2 scrolls of vulnerability
 s - a scroll of magic mapping {unknown}
 u - a scroll of teleportation
 x - a scroll of fog {unknown}
 C - 2 scrolls of acquirement {unknown}
 E - a scroll of poison {unknown}
 Q - 2 scrolls of enchant armour {unknown}
 S - a scroll of fear {unknown}
 U - a scroll of brand weapon {unknown}
 W - a scroll of identify
Potions
 h - 2 potions of flight
 j - a potion of haste
 k - 2 potions of berserk rage
 l - a potion of might
 o - 3 potions of attraction
 t - 4 potions of curing
 w - 2 potions of mutation
 z - a potion of lignification
 G - a potion of experience
 H - 2 potions of ambrosia
 I - a potion of invisibility {unknown}
 J - a potion of resistance
 N - a potion of brilliance {unknown}
 O - 3 potions of magic
 R - a potion of cancellation {unknown}


   Skills:
 - Level 9.4 Fighting
 - Level 17.5 Axes
 - Level 9.0 Armour
 - Level 2.1 Dodging
 + Level 8.3 Shields


You had 10 spell levels left.
You didn't know any spells.
Your spell library was empty.

Dungeon Overview and Level Annotations

Branches:
Dungeon (11/15)            Temple (0/1) D:4            Lair (0/5) D:9
    Orc (0/2) D:10         Bailey (visited)

Altars:
Cheibriados
Dithmenos
Elyvilon
Kikubaaqudgha
Qazlal
Sif Muna
Vehumet
Xom
The Shining One

Annotations:
D:11 Snorg


Innate Abilities, Weirdness & Mutations

You have a pair of horns on your head.
You reflexively headbutt those who attack you in melee.


Message History

You closely miss the acid dragon.
The acid dragon is almost dead.
You slash the acid dragon!
You kill the acid dragon!
Trog accepts your kill.
Snorg goes berserk!
You block Snorg's attack. Snorg barely misses you.
Snorg claws you but does no damage.
You slash Snorg! You headbutt Snorg.
Snorg is lightly wounded.
Snorg bites you but does no damage. Snorg claws you! Snorg claws you.
You closely miss Snorg.
Snorg is lightly wounded.
You block Snorg's attack. x2; Snorg claws you.
You slice Snorg like a ripe choko!!!
Snorg is moderately wounded.
Snorg bites you. Snorg claws you! Snorg claws you but does no damage.
You hit Snorg but do no damage. You headbutt Snorg!!
Snorg is heavily wounded.
You slash Snorg!
Snorg is heavily wounded.
Snorg bites you but does no damage. Snorg barely misses you. x2
You slash Snorg!
Snorg is severely wounded.
Snorg bites you! Snorg claws you but does no damage. Snorg claws you!
You slash Snorg! You headbutt Snorg!
Snorg is almost dead.
Snorg bites you!! Snorg claws you!!
* * * LOW HITPOINT WARNING * * *
Snorg claws you!
* * * LOW HITPOINT WARNING * * *
You are too berserk!
You hit Snorg.
Snorg is almost dead.
Snorg bites you.
* * * LOW HITPOINT WARNING * * *
Snorg claws you!
* * * LOW HITPOINT WARNING * * *
Snorg claws you!
You die...

#. ..####
#...<# ###
#....#.#
##...#....#.#
.T........#..
#'# #.#
#.#######.###.#
#.......@T....#
#########.##^.#
#####.###.#
#.....).).#
#.###.##).#
#.###)#
###.##..#######
...............
#######....#.##


You could see Snorg (berserk).

Vanquished Creatures
  2 ogre magi
  2 two-headed ogres (D:10)
  An orc knight (Bailey)
  A gargoyle (D:10)
  2 unseen horrors (D:10)
  3 kobold demonologists (D:11)
  A komodo dragon (D:9)
  A troll (D:10)
  Sigmund (D:2)
  12 yaks
  A wraith (D:10)
  3 vampires
  A vampire mosquito (D:10)
  3 steam dragons
  2 acid dragons
  Duvessa (D:7)
  2 ice beasts
  11 orc warriors
  3 black bears
  8 centaurs
  A phantom (D:4)
  4 kobold brigands
  3 bullfrogs
  3 gnoll sergeants (D:10)
  2 necrophages (D:6)
  A scorpion (D:9)
  18 wights
  Dowan (D:7)
  7 killer bees (D:10)
  3 howler monkeys
  3 orc priests
  2 gnoll boudas
  3 hounds
  2 iguanas (D:6)
  2 jellies
  16 orc wizards
  24 gnolls
  6 adders
  2 shadow imps (D:6)
  2 white imps
  2 worms
  2 dart slugs
  36 orcs
  6 bats
  6 endoplasms
  A giant cockroach (D:4)
  9 goblins
  15 hobgoblins
  4 jackals (D:5)
  27 kobolds
  2 quokkas
  12 ball pythons
  2 frilled lizards
  3 rats
293 creatures vanquished.

Vanquished Creatures (others)
  15 fungi (D:9)
  14 plants (D:9)
29 creatures vanquished.

Grand Total: 322 creatures vanquished

Notes
Turn   | Place    | Note
-------+----------+-------------------------------------------
     0 | D:1      | cheesebisquit the Minotaur Berserker began the quest for
                  | the Orb.
     0 | D:1      | Reached XP level 1. HP: 19/19 MP: 0/0
   169 | D:1      | Reached skill level 4 in Axes
   313 | D:1      | Reached XP level 2. HP: 26/26 MP: 1/1
   677 | D:1      | Found a faded altar of an unknown god.
  1292 | D:2      | Reached skill level 5 in Axes
  1292 | D:2      | Reached XP level 3. HP: 28/31 MP: 2/2
  1340 | D:2      | Noticed Sigmund
  1347 | D:2      | Killed Sigmund
  1348 | D:2      | Reached skill level 7 in Axes
  1348 | D:2      | Reached XP level 4. HP: 39/39 MP: 3/3
  1348 | D:2      | Reached XP level 5. HP: 45/45 MP: 4/4
  1728 | D:2      | Reached ** piety under Trog
  2553 | D:3      | Reached skill level 8 in Axes
  3296 | D:4      | Reached XP level 6. HP: 51/51 MP: 5/5
  3499 | D:4      | Found a shadowy altar of Dithmenos.
  3654 | D:4      | Found a staircase to the Ecumenical Temple.
  3790 | D:5      | Entered Level 5 of the Dungeon
  3883 | D:5      | Noticed an ice beast
  3907 | D:5      | Killed an ice beast
  3908 | D:5      | Reached skill level 9 in Axes
  3950 | D:5      | Reached XP level 7. HP: 57/57 MP: 6/6
  3955 | D:5      | Identified the +1 robe of the Meadowlark {rF+ rC+}
  3965 | D:5      | Reached skill level 10 in Axes
  4465 | D:6      | Reached skill level 11 in Axes
  4490 | D:6      | Reached XP level 8. HP: 64/64 MP: 5/7
  4527 | D:6      | Reached *** piety under Trog
  4537 | D:6      | Reached skill level 12 in Axes
  4993 | D:6      | Found a stormy altar of Qazlal.
  4997 | D:6      | Found a shimmering altar of Xom.
  5002 | D:6      | Found a white marble altar of Elyvilon.
  5206 | D:6      | Reached skill level 13 in Axes
  5913 | D:7      | Reached skill level 14 in Axes
  5982 | D:7      | Noticed Duvessa
  5982 | D:7      | Noticed Dowan
  5993 | D:7      | Killed Duvessa
  5994 | D:7      | Reached XP level 9. HP: 65/70 MP: 5/8
  5999 | D:7      | Killed Dowan
  6815 | D:7      | Reached skill level 15 in Axes
  7819 | D:8      | Reached skill level 5 in Fighting
  7820 | D:8      | Reached skill level 16 in Axes
  7826 | D:8      | Reached XP level 10. HP: 82/82 MP: 9/9
  8064 | D:8      | Reached skill level 5 in Armour
  8447 | D:9      | Found a flagged portal.
  8460 | Bailey   | Entered a bailey
  8465 | Bailey   | Noticed an orc warlord
  8500 | Bailey   | Noticed an orc knight
  8576 | Bailey   | Killed an orc knight
  8716 | Bailey   | Found a runed translucent gate.
  8719 | Bailey   | Found a runed translucent gate.
  8720 | Bailey   | Found a runed translucent gate.
  9228 | D:9      | Found an ancient bone altar of Kikubaaqudgha.
  9252 | D:9      | Found a radiant altar of Vehumet.
  9265 | D:9      | Found a shimmering blue altar of Sif Muna.
  9362 | D:9      | Paralysed by an orc warrior for 2 turns
  9365 | D:9      | Found a staircase to the Lair.
  9367 | D:9      | Paralysed by an orc warrior for 3 turns
  9804 | D:10     | Entered Level 10 of the Dungeon
  9846 | D:10     | Noticed a two-headed ogre
  9857 | D:10     | Killed a two-headed ogre
  9893 | D:10     | Reached skill level 17 in Axes
  9948 | D:10     | Noticed an ogre mage
 10156 | D:9      | Killed an ogre mage
 10157 | D:9      | Reached XP level 11. HP: 33/95 MP: 2/10
 10939 | D:10     | Noticed an ogre mage
 10951 | D:10     | Killed an ogre mage
 11171 | D:10     | Found a snail-covered altar of Cheibriados.
 11174 | D:10     | Found a glowing golden altar of the Shining One.
 11184 | D:10     | Reached skill level 1 in Shields
 12100 | D:10     | Reached skill level 5 in Shields
 12412 | D:10     | Found a staircase to the Orcish Mines.
 12518 | D:11     | Noticed a two-headed ogre
 12526 | D:10     | Killed a two-headed ogre
 12640 | D:11     | Noticed Snorg
 12661 | D:11     | HP: 7/145 [Snorg (13)]
 12661 | D:11     | Slain by Snorg

Illustrated notes

Levels and vault maps discovered:
D:1:      dpeg_cavernosity, layout_loops_ring, shapermc_ecumenical_altar_ellora,
          roderic_serpentine_path
D:2:      layout_basic, uniq_sigmund
D:3:      layout_basic, dk_noncrumbling_3
D:4:      layout_basic, nicolae_dithmenos_shadow_blocks,
          minmay_temple_entry_enclosed_plants, kennysheep_crisscross
D:5:      layout_rooms
D:6:      layout_basic, minmay_overflow_temple_star_quad, grunt_ministairs_10
D:7:      layout_loops_corners, chequers_serial_rivers_room_b, uniq_duvessa
D:8:      layout_gridville
D:9:      layout_roguey, palyth_temple_overflow_mages,
          grunt_lair_entry_orc_guard_hut, enter_bailey_3
D:10:     cheibrodos_ideogram_h, layout_basic, gammafunk_temple_overflow_statue,
          david_orc_4
D:11:     layout_basic, billiards_dpeg, uniq_snorg, uniq_lodul

Skill      XL: |  1  2  3  4  5  6  7  8  9 10 11 |
---------------+----------------------------------+-----
Axes           | 4 5 7 8 9 11 14 16 17 | 17.5
Fighting       | 5 8 9 |  9.4
Armour         | 4 8 9 |  9.0
Shields        | 8 |  8.3
Dodging        | |  2.1

Action                   |  1- 3 |  4- 6 |  7- 9 | 10-12 || total
-------------------------+-------+-------+-------+-------++-------
Melee: Hand axe          |    41 |   118 |   243 |    89 ||   491
       Headbutt          |     3 |    17 |    48 |    90 ||   158
       Punch             |     1 |     2 |     2 |       ||     5
       War axe           |       |       |       |   341 ||   341
 Fire: Sling             |       |       |       |     5 ||     5
Throw: Dart              |       |       |       |    27 ||    27
Invok: Berserk           |     3 |     2 |    11 |    21 ||    37
       Trog's Hand       |       |     1 |     5 |    21 ||    27
  Use: Scroll            |       |     4 |     5 |     5 ||    14
       Potion            |       |       |     2 |     8 ||    10
Armor: Animal skin       |     3 |       |       |       ||     3
       Leather armour    |     9 |     4 |       |       ||    13
       Chain mail        |       |    44 |       |       ||    44
       Plate armour      |       |     4 |   124 |   245 ||   373
       Skin              |       |     2 |       |       ||     2
Dodge: Dodged            |    26 |    46 |    65 |   118 ||   255
Block: Kite shield       |       |       |       |    72 ||    72
